 Dungeon Crawl Stone Soup version 0.27.1-1-g398f81649c (webtiles) character file.

Game seed: 8457343863534612622

157 snilloc10 the Poker (level 5, -7/46 HPs)
             Began as a Hill Orc Fighter on Sept 14, 2021.
             Mangled by Crazy Yiuf (8 damage)
             ... on level 3 of the Dungeon.
             The game lasted 00:11:03 (3419 turns).

snilloc10 the Poker (Hill Orc Fighter)              Turns: 3419, Time: 00:11:03

Health: -7/46      AC:  7    Str: 19    XL:     5   Next: 38%
Magic:  0/5        EV:  7    Int:  8    God:
Gold:   207        SH:  9    Dex: 11    Spells: 4/4 levels left

rFire    . . .     SeeInvis .   a - +0 trident
rCold    . . .     Faith    .   c - +0 kite shield
rNeg     . . .     Spirit   +   b - +1 scale mail
rPois    .         Reflect  .   (no helmet)
rElec    .         Harm     .   (no cloak)
rCorr    .         Rampage  .   (no gloves)
Will     .....                  (no boots)
Stlth    ..........             g - amulet of guardian spirit
HPRegen  0.15/turn              (no ring)
MPRegen  0.09/turn              (no ring)

@: lethally poisoned (-7 -> -9)
A: no striking features
a: no special abilities


You were on level 3 of the Dungeon.
You visited 1 branch of the dungeon, and saw 3 of its levels.

You collected 207 gold pieces.

Inventory:

Hand Weapons
 a - a +0 trident (weapon)
 d - a +0 whip
 f - a +2 dagger of venom
Armour
 b - a +1 scale mail (worn)
 c - a +0 kite shield (worn)
Jewellery
 g - an amulet of guardian spirit (around neck)
Scrolls
 e - a scroll of magic mapping {unknown}
 i - 4 scrolls of fear {unknown}
 k - a scroll of identify {unknown}
 l - a scroll of teleportation {unknown}
 o - 2 scrolls of enchant weapon {unknown}
 p - a scroll of blinking {unknown}
Potions
 h - a potion of heal wounds {unknown}
 j - 2 potions of degeneration {unknown}
 m - a potion of might
 n - 2 potions of attraction {unknown}
 q - a potion of haste {unknown}
 r - a potion of brilliance {unknown}


   Skills:
 - Level 3.6 Fighting
 + Level 5.8 Polearms
 - Level 3.5 Armour
 - Level 3.3 Shields


You had 4 spell levels left.
You didn't know any spells.
Your spell library contained the following spells:

 Spells                   Type           Power      Damage    Failure   Level
 Corona                   Hex            0%         N/A       99%         1
 Magic Dart               Conj           0%         1d3       99%         1
 Searing Ray              Conj           0%         3d3       100%        2
 Conjure Flame            Conj/Fire      0%         6-21      100%        3
 Ignite Poison            Fire/Tmut/Pois 0%         N/A       100%        3
 Fulminant Prism          Conj/Hex       0%         3d6       100%        4
 Sticky Flame             Conj/Fire      0%         2d3       100%        4


Dungeon Overview and Level Annotations

Branches:
Dungeon (3/15)

Altars:
Ru
Trog

Annotations:
D:3 Crazy Yiuf


Message History

Crazy Yiuf shouts!
You open the door.
You reach to attack!
You closely miss Crazy Yiuf.
Crazy Yiuf hits you with a +3 quarterstaff of chaos!
Your shield and scale mail prevent you from hitting Crazy Yiuf.
Crazy Yiuf completely misses you.
You hit Crazy Yiuf but do no damage.
Crazy Yiuf hits you with a +3 quarterstaff of chaos.
Crazy Yiuf burns you.
You barely miss Crazy Yiuf.
Crazy Yiuf hits you with a +3 quarterstaff of chaos.
You are poisoned.
You barely miss Crazy Yiuf.
You feel sick.
Crazy Yiuf hits you with a +3 quarterstaff of chaos!
Crazy Yiuf burns you. You block Crazy Yiuf's attack.
You are too injured to fight recklessly!
You are too injured to fight recklessly!
You are too injured to fight recklessly!
You are too injured to fight recklessly!
You are too injured to fight recklessly!
You are too injured to fight recklessly!
You are too injured to fight recklessly!
You are too injured to fight recklessly!
You are too injured to fight recklessly!
You are too injured to fight recklessly!
You are too injured to fight recklessly!
You are too injured to fight recklessly!
You hit Crazy Yiuf but do no damage.
You feel sick. You block Crazy Yiuf's attack.
Your shield prevents you from hitting Crazy Yiuf.
You feel sick.
Crazy Yiuf hits you with a +3 quarterstaff of chaos.
Space warps horribly around you!
* * * LOW HITPOINT WARNING * * *
You puncture Crazy Yiuf!
Crazy Yiuf is heavily wounded.
* * * LOW HITPOINT WARNING * * *
You feel sick.
Crazy Yiuf hits you with a +3 quarterstaff of chaos!
You die...

#.## #.#. #.#. #.#. #.#. ##.#.
###### ### ######..#. ##...P#
###..)# #...##..#.
#....P#####@g...# #....#..#.
#.......#..##...# #..<>...##
#.#..P.#.### ### #....####
#.######## #...## #.# ##.### #.#
### ### ###....# #.###.# #.#
##.#..#.###
#####.....#####.####.#.......###
#.....#.............###.........


You could see Crazy Yiuf.

Vanquished Creatures
  A bullfrog skeleton (D:3)
  Jessica (D:2)
  4 adders
  A gnoll (D:1)
  A worm (D:2)
  4 bats
  4 endoplasms
  2 giant cockroaches
  5 hobgoblins
  5 quokkas
  10 ball pythons
  4 frilled lizards
  7 goblins
  2 kobolds
  3 rats
54 creatures vanquished.

Vanquished Creatures (others)
  4 fungi
  9 plants
  4 toadstools (D:1)
17 creatures vanquished.

Grand Total: 71 creatures vanquished

Notes
Turn   | Place    | Note
-------+----------+-------------------------------------------
     0 | D:1      | snilloc10 the Hill Orc Fighter began the quest for the Orb.
     0 | D:1      | Reached XP level 1. HP: 19/19 MP: 1/1
   366 | D:1      | HP: 1/20 [gnoll (4)]
   370 | D:1      | Reached skill level 3 in Polearms
   370 | D:1      | Reached XP level 2. HP: 2/27 MP: 0/2
   820 | D:1      | Reached XP level 3. HP: 33/33 MP: 3/3
  1483 | D:2      | Reached skill level 4 in Polearms
  1659 | D:2      | Noticed Jessica
  1666 | D:2      | Killed Jessica
  1667 | D:2      | Reached XP level 4. HP: 22/40 MP: 1/4
  1697 | D:2      | Got Jessica's Almanac of Curses
  2114 | D:2      | Found a faded altar of an unknown god.
  2364 | D:3      | Found a sacrificial altar of Ru.
  2570 | D:3      | Reached skill level 5 in Polearms
  2683 | D:3      | Reached XP level 5. HP: 41/46 MP: 5/5
  2722 | D:3      | Found a bloodstained altar of Trog.
  3407 | D:3      | Found a runed translucent door.
  3408 | D:3      | Noticed Crazy Yiuf
  3418 | D:3      | HP: 2/46 [Crazy Yiuf (12)]
  3419 | D:3      | Mangled by Crazy Yiuf

Illustrated notes

Levels and vault maps discovered:
D:1:      ldierk_walled_garden_2, layout_basic, minmay_tripent
D:2:      layout_basic, shapermc_ecumenical_altar_mp_urbaneastern,
          grunt_decor_cap, kennysheep_jessica_study
D:3:      layout_loops_ring, marbit_many_paths, nicolae_ru_awakened_eye,
          kennysheep_donut, roderic_serpentine_path, hex_medium,
          roderic_lattice_a, kennysheep_generic_room_7, uniq_crazy_yiuf_cottage

Skill      XL: |  1  2  3  4 |
---------------+-------------+-----
Polearms       | 3 4 5 |  5.8
Fighting       | |  3.6
Armour         | |  3.5
Shields        | |  3.3

Action                   |  1- 3 |  4- 6 || total
-------------------------+-------+-------++-------
Melee: Trident           |   123 |    79 ||   202
       Dagger            |     3 |       ||     3
  Use: Scroll            |     2 |       ||     2
       Potion            |     1 |       ||     1
Armor: Scale mail        |    35 |    17 ||    52
Dodge: Dodged            |    37 |    12 ||    49
Block: Kite shield       |    44 |    23 ||    67
